Map: Ruby Rock LE

Players

HeroMarine

  • Race: Terran Terran
  • Spawn Location: 11:00

Serral - Winner!

  • Race: Zerg Zerg
  • League: Grandmaster
  • Spawn Location: 5:00

VOD

Have the link to the VOD?

Description

Time

  • Played on: Feb. 1, 2026, 11:48 a.m.
  • Length: 11:27
Show
View Real Time Build Order
Export as new Build Order

HeroMarine Terran 

Build Orders:  

Get SALT Encoding   

  12  0:00  SCV  
  13  0:12  SCV  
  14  0:17  Supply Depot  
  14  0:24  SCV  
  15  0:39  SCV  
  15  0:40  Barracks  
  16  0:43  Refinery  
  16  0:51  SCV  
  17  0:59  Barracks  
  17  1:03  SCV  
  18  1:15  SCV  
  19  1:27  Reaper, Orbital Command  
  19  1:30  Supply Depot  
  20  1:45  Reaper  
  21  1:53  SCV  
  22  2:03  Reaper  
  22  2:05  SCV  
  24  2:09  Command Center  
  24  2:17  SCV  
  24  2:18  Refinery  
  24  2:22  Reaper  
  26  2:29  SCV  
  27  2:39  Marine  
  27  2:41  SCV  
  29  2:52  Command Center  
  29  2:53  SCV  
  30  3:02  Factory, Barracks Reactor  
  30  3:05  SCV  
  31  3:21  SCV, Orbital Command  
  32  3:31  Barracks Tech Lab  
  32  3:33  SCV  
  33  3:36  Engineering Bay  
  33  3:38  Engineering Bay  
  33  3:45  SCV  
  35  3:48  SCV  
  35  3:54  Stimpack  
  37  3:56  Hellion x2  
  37  3:57  SCV  
  37  4:00  Barracks Reactor  
  40  4:05  Orbital Command  
  40  4:08  SCV  
  40  4:09  SCV  
  43  4:11  Terran Infantry Armor Level 1  
  43  4:15  Terran Infantry Weapons Level 1  
  43  4:20  Hellion x2  
  43  4:21  SCV  
  43  4:23  SCV  
  48  4:27  Marine  
  49  4:32  SCV  
  49  4:33  Supply Depot, SCV  
  49  4:35  SCV  
  52  4:41  Hellion  
  52  4:43  Hellion  
  52  4:44  SCV, Marine  
  52  4:45  Marine x2, SCV  
  61  4:53  Refinery  
  61  4:55  SCV, Refinery, Supply Depot  
  61  4:56  SCV  
  61  4:57  SCV  
  64  5:02  Marine x3  
  64  5:05  Starport  
  67  5:09  Barracks  
  67  5:11  SCV, Orbital Command  
  67  5:12  SCV  
  67  5:14  Factory Reactor  
  69  5:22  Marine x3, Armory  
  69  5:23  SCV  
  69  5:24  SCV  
  69  5:25  Supply Depot  
  74  5:35  SCV  
  75  5:36  SCV x2  
  77  5:46  Marine x3  
  77  5:49  Supply Depot x2  
  81  5:52  Medivac x2, Combat Shield  
  82  5:58  Barracks  
  82  5:59  SCV x2  
  82  6:00  Barracks, Factory Reactor, SCV  
  85  6:10  Marine x5  
  90  6:11  SCV x2  
  90  6:12  SCV  
  90  6:17  Terran Infantry Weapons Level 2  
  93  6:20  Supply Depot  
  93  6:21  Terran Infantry Armor Level 2  
  93  6:28  Marine x2  
  93  6:29  Marauder  
  100  6:39  Marine  
  97  6:40  Marine, Barracks  
  97  6:41  Barracks x2  
  97  6:44  Medivac x2  
  97  6:46  Marine x2  
  105  6:49  Supply Depot  
  105  6:50  Marauder  
  105  6:51  Supply Depot  
  105  6:52  Barracks Reactor x2  
  105  6:53  SCV  
  108  6:54  SCV  
  108  6:58  SCV  
  103  7:02  Widow Mine x2  
  103  7:07  Marine x2  
  103  7:08  Marine x2  
  104  7:11  Supply Depot x2, Marauder  
  100  7:24  Medivac, Widow Mine x2  
  100  7:25  Marine x2  
  100  7:26  Marine x2, Medivac  
  100  7:29  Barracks Reactor  
  110  7:30  Marine x3  
  110  7:32  Marine  
  110  7:33  Marauder  
  110  7:34  Barracks Tech Lab x2  
  110  7:35  Barracks Tech Lab  
  116  7:43  Marine x3  
  116  7:44  Marine  
  120  7:46  Supply Depot  
  120  7:47  Supply Depot  
  120  7:48  Marine x3  
  120  7:50  Marine  
  120  7:51  Concussive Shells  
  124  7:53  Marauder x2  
  124  7:54  Marauder  
  124  7:55  Marauder  
  136  7:58  Widow Mine x2  
  136  8:01  Marine  
  137  8:12  Supply Depot  
  136  8:13  Medivac x2  
  136  8:14  Marauder x2, Marine  
  136  8:15  Marine  
  136  8:16  Marauder x2  
  136  8:19  Supply Depot, Widow Mine  
  154  8:20  Widow Mine  
  154  8:29  Marine  
  154  8:33  Supply Depot, Terran Infantry Weapons Level 3  
  154  8:34  Marine x4  
  155  8:36  Marauder x2  
  155  8:37  Marauder  
  155  8:41  Marine x3, Orbital Command  
  168  8:45  Marauder  
  168  8:47  Marine  
  163  8:52  Marine  
  163  8:53  Marine x3  
  158  8:56  Marine  
  158  9:02  Marine x4, Marauder  
  147  9:04  Marine  
  147  9:06  Marine  
  147  9:09  Marine  
  143  9:10  Marine, Medivac  
  143  9:15  Marauder  
  143  9:16  Marine  
  137  9:17  Marine  
  137  9:19  Widow Mine  
  137  9:20  Marauder  
  137  9:24  Marine x2  
  141  9:27  Widow Mine  
  141  9:29  Marauder  
  141  9:30  Marine x3  
  148  9:32  Marine  
  148  9:36  Marine x4  
  149  9:51  Supply Depot  
  149  9:52  Marine x5, SCV, Widow Mine  
  157  10:08  Widow Mine  
  157  10:09  Marine  
  157  10:11  Marauder, Marine  
  157  10:12  Marine  
  157  10:13  Marine x2, Marauder, Medivac  
  157  10:14  Widow Mine, Marauder  
  165  10:16  Supply Depot  
  165  10:17  Supply Depot, Marine  
  164  10:28  Medivac  
  165  10:30  Marauder  
  165  10:33  Widow Mine  
  165  10:35  Marauder x3, Widow Mine  
  158  10:47  Marine x2  
  158  10:48  Marine x2  
  128  10:51  Marine x2  
  128  10:52  Marauder  
  128  10:53  Marine x2  
  128  10:54  Widow Mine  
  128  10:56  Marauder x3, Widow Mine  
  117  11:05  Marine x2  
  117  11:06  Marine x2  
Show
View Real Time Build Order
Export as new Build Order

Serral Zerg - Winner!

Build Orders: Hatch First 

Get SALT Encoding   

  12  0:00  Drone  
  13  0:07  Drone  
  13  0:14  Extractor  
  13  0:15  Drone  
  15  0:21  Overlord  
  15  0:40  Drone  
  16  0:45  Hatchery  
  16  0:49  Drone  
  16  0:52  Drone  
  16  0:56  Drone  
  18  1:06  Extractor  
  18  1:10  Spawning Pool  
  16  1:14  Drone  
  16  1:18  Drone  
  18  1:26  Drone  
  19  1:37  Drone  
  20  1:47  Drone  
  21  1:57  Queen x2  
  21  1:59  Zergling x2  
  21  2:00  Zergling x2  
  27  2:09  Overlord  
  27  2:11  Metabolic Boost, Zergling x2  
  28  2:28  Drone x2  
  30  2:33  Queen  
  30  2:36  Overlord  
  32  2:37  Drone  
  33  2:46  Zergling x2  
  33  2:47  Drone  
  35  2:57  Hatchery  
  34  3:00  Zergling x2  
  34  3:02  Overlord  
  35  3:07  Drone x3  
  35  3:08  Drone  
  39  3:13  Zergling x4  
  39  3:18  Zergling x2  
  43  3:20  Drone x2  
  44  3:27  Queen  
  44  3:30  Zergling x2  
  44  3:34  Drone x2  
  48  3:35  Drone  
  48  3:38  Overlord  
  48  3:39  Drone  
  50  3:41  Drone  
  51  3:49  Drone  
  52  3:56  Queen  
  52  3:57  Overlord  
  52  3:58  Drone x3  
  52  4:00  Drone  
  58  4:06  Queen  
  58  4:09  Drone x2  
  62  4:11  Drone  
  62  4:12  Extractor  
  62  4:14  Drone  
  62  4:15  Drone  
  64  4:21  Overlord  
  64  4:23  Zergling x2  
  64  4:24  Zergling x2  
  65  4:25  Drone x2  
  65  4:26  Drone  
  65  4:31  Queen  
  70  4:36  Evolution Chamber, Drone  
  70  4:37  Drone  
  71  4:42  Zergling x4  
  71  4:43  Drone x3  
  76  4:48  Lair  
  76  4:50  Overlord  
  77  4:52  Drone  
  77  4:53  Drone  
  77  4:54  Drone  
  77  4:56  Drone  
  77  4:59  Zergling x4  
  82  5:02  Zerg Ground Armor Level 1  
  82  5:04  Spore Crawler  
  82  5:05  Drone  
  82  5:09  Queen  
  84  5:14  Baneling Nest  
  84  5:15  Overlord, Extractor  
  84  5:17  Drone  
  84  5:19  Drone x2  
  85  5:21  Overlord  
  85  5:24  Drone x2  
  87  5:30  Zergling x2  
  87  5:31  Zergling x2  
  87  5:32  Drone  
  90  5:36  Overlord  
  90  5:38  Drone x2  
  90  5:40  Hatchery  
  90  5:41  Drone  
  90  5:42  Drone x2  
  94  5:43  Drone  
  94  5:46  Extractor  
  94  5:47  Hatchery  
  94  5:48  Overlord  
  94  5:49  Drone  
  96  5:50  Drone  
  96  5:52  Evolution Chamber  
  96  5:54  Drone x2  
  96  5:55  Overseer  
  97  5:58  Overlord  
  97  6:01  Zergling x2  
  97  6:02  Zergling x4  
  98  6:05  Zergling x2  
  98  6:06  Zergling x4  
  98  6:10  Centrifugal Hooks  
  101  6:12  Zergling x4  
  103  6:19  Zergling x6  
  103  6:22  Hatchery  
  103  6:24  Zerg Melee Weapons Level 1  
  103  6:25  Drone x5  
  110  6:27  Drone  
  110  6:28  Drone  
  110  6:30  Zergling x4  
  114  6:33  Baneling x6  
  114  6:34  Drone  
  114  6:37  Zergling x2  
  116  6:41  Zergling x2  
  116  6:43  Baneling x4  
  116  6:44  Zergling x2  
  116  6:46  Zergling x2  
  116  6:47  Zergling x4  
  121  6:50  Baneling x3  
  121  6:51  Baneling x2, Zergling x2  
  122  6:56  Overlord x2  
  122  6:57  Overlord  
  122  7:00  Zerg Ground Armor Level 2  
  114  7:05  Drone x4  
  118  7:09  Drone  
  118  7:11  Hatchery  
  118  7:12  Zergling x4  
  120  7:19  Zergling x14  
  120  7:21  Zergling x6  
  119  7:27  Extractor, Drone  
  119  7:29  Hatchery, Pneumatized Carapace, Infestation Pit  
  117  7:31  Drone x2  
  117  7:32  Zergling x2  
  117  7:36  Overseer  
  122  7:38  Zergling x4  
  122  7:42  Zergling x18  
  122  7:43  Overseer  
  131  7:48  Overlord  
  131  7:49  Overlord  
  131  8:06  Zergling x28  
  131  8:07  Zergling x6  
  131  8:09  Hive  
  131  8:10  Overlord x2  
  131  8:11  Zergling x4  
  147  8:17  Zergling x6  
  147  8:19  Overlord  
  150  8:22  Zerg Melee Weapons Level 2  
  150  8:26  Zergling x8  
  152  8:27  Baneling x2  
  152  8:28  Baneling x7  
  152  8:33  Zergling x12  
  158  8:37  Baneling x8  
  158  8:38  Zergling x10  
  158  8:39  Zergling x2  
  164  8:43  Zergling x10  
  164  8:48  Zergling x12  
  162  8:51  Baneling x6  
  162  8:53  Zergling x4  
  156  8:58  Zergling x10  
  156  9:01  Zergling x6  
  146  9:06  Zergling x12  
  134  9:13  Baneling x6  
  134  9:16  Zergling x14  
  124  9:21  Baneling x4  
  125  9:24  Zergling x6  
  125  9:29  Adrenal Glands  
  125  9:31  Baneling x3  
  128  9:33  Zergling x2  
  128  9:36  Zergling x2  
  128  9:37  Zergling x6  
  128  9:40  Zergling x6  
  128  9:43  Zergling x6  
  130  9:46  Baneling  
  130  9:47  Zergling x2  
  130  9:48  Zergling x4  
  130  9:49  Zergling x12  
  136  9:55  Baneling x9  
  136  9:58  Viper  
  136  9:59  Viper  
  139  10:02  Zergling x4  
  140  10:11  Zergling x18  
  146  10:19  Baneling  
  146  10:20  Baneling  
  146  10:27  Zergling x8  
  146  10:28  Zergling x12  
  148  10:31  Zergling x2  
  148  10:32  Zergling x8  
  136  10:36  Baneling  
  136  10:37  Baneling x4  
  136  10:40  Zergling x12  
  137  10:48  Zergling x2  
  137  10:49  Zergling x16  
  130  10:53  Zergling x8  
  130  10:54  Baneling x3  
  125  11:03  Zergling x4  
  126  11:10  Zergling x16  
  134  11:12  Hatchery  
Tags
 
Add a new tag
Caveats
  • Supply blocks, unpowered buildings, or Contaminate may cause inaccurate times.
  • Supply counts are checked every 10 seconds.